Map: Base du roi Sejong EC

Players

zidar - Winner!

  • Race: Zerg Zerg
  • League: Platinum
  • Spawn Location: 11:00

ProPaine

  • Race: Terran Terran
  • League: Diamond
  • Spawn Location: 5:00

VOD

Have the link to the VOD?

Description

Time

  • Played on: Oct. 6, 2016, 2:56 p.m.
  • Length: 10:22
Show
View Real Time Build Order
Export as new Build Order

zidar Zerg - Winner!

Build Orders: Hatch First, Muta Ling Bane 

Get SALT Encoding   

  12  0:01  Drone  
  13  0:12  Overlord  
  13  0:17  Drone  
  14  0:30  Drone x2  
  16  0:50  Hatchery  
  16  0:52  Drone  
  16  0:55  Extractor  
  15  0:57  Drone  
  16  1:14  Spawning Pool  
  15  1:22  Drone  
  15  1:23  Drone  
  17  1:27  Drone  
  18  1:35  Overlord  
  18  1:46  Drone  
  18  2:01  Queen  
  18  2:03  Queen  
  22  2:10  Metabolic Boost  
  22  2:18  Zergling x4  
  22  2:22  Zergling x2  
  25  2:25  Drone  
  26  2:36  Baneling Nest  
  25  2:56  Drone x2  
  25  2:57  Drone x4  
  31  3:21  Drone  
  31  3:22  Drone x4  
  36  3:27  Lair  
  36  3:30  Pneumatized Carapace  
  36  3:46  Overlord  
  36  3:47  Overlord x3  
  36  3:58  Extractor  
  36  3:59  Drone  
  35  4:32  Evolution Chamber  
  35  4:33  Centrifical Hooks  
  35  4:34  Evolution Chamber  
  33  4:50  Zergling x2  
  33  4:51  Zergling x24  
  46  5:05  Hatchery  
  45  5:10  Extractor  
  45  5:11  Extractor  
  45  5:12  Baneling  
  45  5:13  Baneling x4  
  43  5:14  Baneling  
  43  5:38  Zerg Melee Weapons Level 1  
  43  5:43  Hatchery  
  43  5:44  Drone x11  
  53  6:04  Queen  
  55  6:15  Drone x3  
  55  6:16  Drone x7  
  65  6:20  Queen  
  67  6:40  Zerg Ground Armor Level 1  
  67  6:47  Spire  
  67  6:51  Baneling  
  67  6:52  Baneling x4  
  66  7:06  Extractor  
  66  7:08  Extractor  
  64  7:11  Drone x4  
  64  7:12  Drone x4  
  64  7:13  Drone x3  
  64  7:14  Drone  
  76  7:32  Zerg Melee Weapons Level 2  
  76  7:35  Drone  
  77  8:04  Drone x2  
  79  8:07  Overlord x8  
  79  8:48  Overseer  
  79  8:51  Overseer  
  79  8:53  Mutalisk x14  
  107  9:06  Drone x8  
  115  9:28  Mutalisk  
  115  9:29  Mutalisk  
  93  9:54  Mutalisk x4  
Show
View Real Time Build Order
Export as new Build Order

ProPaine Terran 

Build Orders:  

Get SALT Encoding   

  12  0:00  SCV  
  13  0:13  SCV  
  14  0:17  Supply Depot  
  14  0:25  SCV  
  15  0:38  SCV  
  15  0:40  Barracks  
  16  0:45  Refinery  
  16  0:50  SCV  
  17  1:03  SCV  
  18  1:15  SCV  
  19  1:27  Marine, SCV  
  19  1:32  Command Center  
  21  1:44  Orbital Command  
  21  1:45  Marine  
  22  1:55  Supply Depot  
  22  1:59  Refinery  
  22  2:03  Marine  
  23  2:17  SCV  
  23  2:21  Marine  
  25  2:23  Bunker  
  25  2:29  SCV  
  26  2:38  Marine  
  26  2:41  SCV  
  28  2:44  Orbital Command  
  28  2:53  SCV, Supply Depot  
  28  2:55  Factory  
  28  2:56  Marine  
  30  3:05  SCV  
  31  3:12  SCV  
  32  3:14  Marine  
  32  3:17  SCV, Supply Depot  
  34  3:24  SCV  
  35  3:29  SCV  
  35  3:32  Marine  
  37  3:36  SCV  
  37  3:39  Supply Depot  
  38  3:41  SCV  
  38  3:42  Factory Tech Lab  
  38  3:47  Engineering Bay  
  38  3:48  SCV  
  40  3:50  Marine  
  40  3:54  SCV  
  42  4:00  SCV  
  43  4:06  SCV  
  44  4:12  SCV  
  44  4:15  Supply Depot  
  44  4:16  Supply Depot  
  47  4:18  Widow Mine, SCV  
  47  4:21  Barracks Reactor  
  48  4:24  SCV  
  48  4:30  SCV  
  50  4:31  Missile Turret  
  50  4:32  Hi-Sec Auto Tracking  
  50  4:36  Missile Turret, SCV  
  51  4:38  Refinery, Supply Depot  
  51  4:39  Supply Depot  
  51  4:42  Refinery, SCV  
  54  4:46  Widow Mine  
  54  4:48  SCV  
  55  4:54  SCV  
  55  4:55  Starport  
  55  4:58  Starport  
  56  5:03  Armory  
  56  5:08  Armory  
  58  5:15  Widow Mine  
  58  5:22  SCV  
  59  5:34  Starport Tech Lab  
  59  5:36  Starport Tech Lab  
  61  5:43  Widow Mine  
  61  5:44  Starport  
  61  5:47  Starport  
  61  5:51  Terran Ship Weapons Level 1  
  61  5:55  Terran Vehicle And Ship Armor Level 1  
  61  5:57  Cloaking Field  
  61  6:06  Fusion Core  
  61  6:13  Banshee x2  
  67  6:29  Starport Tech Lab  
  67  6:30  Starport Tech Lab  
  67  6:36  Missile Turret  
  67  6:41  Missile Turret  
  67  6:46  Missile Turret  
  67  6:50  Missile Turret  
  67  6:51  Missile Turret  
  67  6:52  Hyperflight Rotors  
  67  6:54  Banshee x2  
  67  6:56  Missile Turret, Banshee x2  
  67  6:57  Missile Turret  
  67  7:00  Missile Turret  
  79  7:06  Missile Turret  
  79  7:09  Marine x2  
  81  7:23  Missile Turret  
  81  7:27  Marine x2  
  83  7:32  Missile Turret  
  83  7:37  Banshee x2  
  83  7:39  Banshee  
  92  7:44  Marine  
  92  7:45  Marine  
  92  7:46  Banshee  
  97  7:55  Command Center  
  97  8:02  Marine  
  97  8:03  Marine  
  99  8:15  Terran Vehicle Weapons Level 1  
  99  8:20  Supply Depot, Banshee x2  
  99  8:22  Supply Depot  
  99  8:23  Supply Depot  
  99  8:24  Supply Depot  
  99  8:26  Supply Depot  
  105  8:28  Supply Depot  
  105  8:32  Banshee  
  108  8:35  Banshee  
  111  8:53  Marine  
  111  8:54  Marine  
  113  9:02  Banshee  
  113  9:03  Banshee  
  119  9:11  Marine  
  119  9:12  Marine  
  121  9:24  Banshee x2  
  121  9:29  Marine x2  
  117  9:47  Marine x2  
Tags
 
Add a new tag
Caveats
  • Supply blocks, unpowered buildings, or Contaminate may cause inaccurate times.
  • Supply counts are checked every 10 seconds.